Map: Ulrena

Players

IIIIIIIIIIII (State)

  • Race: Protoss Protoss

FearLess - Winner!

  • Race: Terran Terran

Event: NationWars III

VOD

Have the link to the VOD?

Description

Time

  • Played on: Nov. 19, 2015, 6:28 p.m.
  • Length: 16:12
Show
View Real Time Build Order
Export as new Build Order

IIIIIIIIIIII Protoss 

Build Orders: 1 Gate Expand, Blink Stalkers, Colossus Rush 

Get SALT Encoding   

  12  0:01  Probe (Chrono Boost)  
  13  0:11  Probe (Chrono Boost)  
  14  0:17  Pylon  
  14  0:22  Probe (Chrono Boost)  
  15  0:36  Probe (Chrono Boost)  
  15  0:37  Gateway  
  16  0:44  Assimilator  
  16  0:47  Probe (Chrono Boost)  
  17  0:57  Probe (Chrono Boost)  
  18  1:08  Probe (Chrono Boost)  
  19  1:21  Nexus  
  19  1:24  Probe (Chrono Boost)  
  20  1:35  Cybernetics Core  
  21  1:40  Probe (Chrono Boost)  
  21  1:44  Assimilator  
  21  1:50  Probe (Chrono Boost)  
  22  1:56  Pylon  
  22  2:01  Probe (Chrono Boost)  
  23  2:07  Pylon  
  23  2:14  Warp Gate  
  23  2:15  Mothership Core (Chrono Boost)  
  25  2:17  Stalker  
  27  2:34  Twilight Council  
  27  2:36  Probe x2 (Chrono Boost)  
  29  2:46  Probe (Chrono Boost)  
  29  2:47  Stalker  
  29  2:49  Probe (Chrono Boost)  
  33  2:57  Probe (Chrono Boost)  
  34  2:59  Probe (Chrono Boost)  
  35  3:07  Probe (Chrono Boost)  
  35  3:08  Probe (Chrono Boost), Blink (Chrono Boost)  
  37  3:19  Probe x2  
  38  3:21  Stalker  
  41  3:29  Probe  
  41  3:31  Probe  
  43  3:40  Probe, Pylon  
  43  3:43  Probe  
  43  3:46  Assimilator  
  45  3:49  Robotics Facility  
  45  3:50  Probe  
  45  3:53  Assimilator  
  46  3:58  Probe  
  46  3:59  Pylon  
  46  4:01  Probe  
  48  4:10  Probe  
  48  4:11  Probe  
  48  4:16  Pylon  
  50  4:19  Stalker  
  50  4:22  Probe x2  
  54  4:24  Gateway  
  54  4:25  Gateway  
  54  4:33  Probe  
  54  4:34  Probe  
  54  4:37  Observer (Chrono Boost)  
  57  4:43  Stalker  
  59  4:52  Pylon  
  59  4:53  Pylon  
  59  4:57  Observer (Chrono Boost)  
  60  5:07  Robotics Bay  
  60  5:09  Stalker  
  60  5:11  Gateway x2  
  60  5:14  Observer (Chrono Boost)  
  63  5:21  Stalker x2  
  67  5:32  Observer  
  68  5:42  Stalker  
  68  5:45  Pylon  
  68  5:46  Colossus  
  70  5:53  Resonating Glaives  
  76  5:58  Extended Thermal Lance (Chrono Boost)  
  76  6:04  Pylon  
  76  6:06  Stalker x2  
  76  6:08  Adept  
  82  6:12  Probe x2  
  84  6:19  Nexus  
  84  6:22  Pylon  
  84  6:24  Pylon  
  84  6:26  Probe x2, Pylon  
  84  6:29  Sentry  
  88  6:34  Adept x2  
  88  6:36  Disruptor  
  88  6:38  Probe  
  93  6:44  Probe  
  97  6:50  Probe  
  97  6:54  Forge x2  
  98  6:57  Probe  
  99  7:02  Probe  
  99  7:05  Gateway x2  
  100  7:09  Probe  
  100  7:11  Disruptor  
  100  7:13  Sentry x2  
  100  7:14  Probe  
  106  7:21  Probe  
  110  7:24  Stalker  
  110  7:27  Probe  
  111  7:33  Probe  
  110  7:39  Probe  
  110  7:40  Probe  
  110  7:42  Protoss Ground Weapons Level 1 (Chrono Boost)  
  110  7:44  Photon Cannon, Assimilator  
  112  7:45  Probe, Photon Cannon  
  112  7:47  Protoss Ground Armor Level 1 (Chrono Boost), Charge  
  112  7:49  Warp Prism  
  115  7:53  Probe  
  115  7:54  Probe  
  117  8:04  Probe  
  118  8:08  Assimilator  
  118  8:27  Colossus (Chrono Boost)  
  106  8:33  Stalker x5  
  106  8:34  Stalker  
  106  8:44  Probe  
  106  8:46  Stalker  
  108  8:52  Gateway x2  
  108  8:54  Gateway  
  107  8:58  Pylon x2  
  107  8:59  Probe  
  107  9:00  Adept x2  
  107  9:01  Adept x4  
  120  9:04  Gravitic Drive  
  120  9:10  Sentry  
  122  9:24  Colossus (Chrono Boost)  
  122  9:28  Protoss Ground Armor Level 2 (Chrono Boost), Protoss Ground Weapons Level 2 (Chrono Boost)  
  128  9:39  Probe  
  128  9:50  Stalker x5  
  136  10:18  Zealot x3  
  136  10:19  Zealot x7  
  156  10:33  Nexus  
  156  10:36  Pylon x2  
  156  10:40  Pylon  
  156  10:44  Pylon  
  156  10:53  Gateway x2  
  156  10:54  Disruptor (Chrono Boost)  
  159  11:06  Zealot x6  
  159  11:07  Zealot x4  
  159  11:10  Probe x3  
  157  11:22  Probe  
  153  11:25  Zealot  
  153  11:26  Zealot x3  
  153  11:27  Zealot x3  
  153  11:32  Zealot x3  
  168  11:36  Disruptor (Chrono Boost)  
  171  11:46  Probe  
  171  11:49  Templar Archives  
  172  11:56  Sentry x4  
  172  11:58  Sentry x2  
  135  12:16  Adept x4  
  124  12:27  Disruptor (Chrono Boost)  
  115  12:32  Stalker x3  
  115  12:33  Stalker x2  
  119  12:38  Zealot x3  
  119  12:41  Adept  
  98  12:58  Adept, Disruptor (Chrono Boost)  
  98  12:59  Adept x3  
  98  13:02  Adept x2  
  98  13:03  Adept  
  98  13:04  High Templar  
  98  13:05  High Templar  
  114  13:11  Archon  
  104  13:24  High Templar x4  
  104  13:25  High Templar x2  
  104  13:26  Zealot  
  115  13:29  Archon  
  115  13:30  Archon  
  115  13:32  Zealot  
  105  13:37  Warp Prism (Chrono Boost)  
  105  13:39  Nexus  
  97  13:51  High Templar x2  
  97  13:52  High Templar x2  
  93  14:02  Zealot  
  88  14:03  Archon x2  
  88  14:04  Zealot x5  
  98  14:10  Adept x2  
  89  14:25  Adept x4  
  89  14:26  Adept, Pylon  
  89  14:27  Pylon  
  99  14:40  Adept x3  
  99  14:41  Adept x3  
  108  14:49  Stalker  
  85  15:02  Stalker x3  
  85  15:04  High Templar  
  74  15:09  High Templar  
  74  15:13  Archon  
  58  15:24  Stalker x3  
  39  15:39  Adept  
  39  15:40  Adept x2  
  33  15:50  Zealot x2  
Show
View Real Time Build Order
Export as new Build Order

FearLess Terran - Winner!

Build Orders: Reaper Expand, MMM Bio 

Get SALT Encoding   

  12  0:01  SCV  
  13  0:13  SCV  
  14  0:17  Supply Depot  
  14  0:25  SCV  
  15  0:39  SCV  
  15  0:40  Barracks  
  16  0:46  Refinery  
  16  0:51  SCV  
  17  1:03  SCV  
  18  1:15  SCV  
  19  1:28  Orbital Command  
  19  1:29  Reaper  
  20  1:42  Command Center  
  20  1:53  SCV  
  21  1:58  Barracks  
  21  2:03  Barracks Reactor  
  21  2:05  SCV  
  22  2:10  Supply Depot  
  22  2:17  SCV  
  23  2:29  Factory  
  23  2:30  Refinery  
  23  2:39  SCV, Marine x2  
  26  2:51  SCV  
  26  2:55  Orbital Command  
  26  2:57  Barracks Tech Lab  
  27  3:01  Marine x2  
  27  3:03  SCV  
  30  3:13  Starport  
  30  3:15  SCV  
  30  3:16  Marine  
  32  3:20  SCV  
  32  3:22  Marine  
  32  3:24  Marine  
  35  3:28  SCV  
  35  3:30  Factory Reactor  
  35  3:33  Stimpack  
  36  3:35  SCV  
  36  3:40  SCV  
  38  3:44  Marine x2  
  38  3:46  Marine  
  38  3:47  SCV  
  42  3:50  Supply Depot  
  42  3:53  SCV  
  43  3:58  Refinery  
  43  3:59  SCV  
  43  4:02  Marine  
  44  4:05  SCV, Marine  
  46  4:11  Marine  
  46  4:12  SCV  
  46  4:13  Supply Depot  
  46  4:14  Supply Depot  
  46  4:15  Factory Reactor  
  48  4:17  SCV  
  48  4:20  Bunker  
  48  4:23  Medivac  
  48  4:24  SCV  
  52  4:29  Medivac  
  54  4:34  SCV  
  54  4:35  Marauder  
  54  4:36  SCV  
  58  4:40  Marine x2  
  60  4:46  Engineering Bay  
  60  4:47  SCV  
  60  4:50  SCV  
  62  4:53  Widow Mine  
  62  4:54  Widow Mine  
  62  4:56  Marauder  
  62  4:58  Marine  
  62  4:59  SCV  
  70  5:06  Barracks  
  70  5:07  Supply Depot  
  70  5:18  Terran Infantry Weapons Level 1  
  70  5:22  Supply Depot  
  70  5:23  SCV x2, Marine  
  75  5:28  Marauder  
  75  5:29  Widow Mine x2  
  75  5:34  Combat Shields  
  75  5:35  SCV x2  
  79  5:47  Command Center, SCV x2  
  81  5:53  Barracks Tech Lab, Refinery  
  81  5:55  Marauder  
  83  5:58  Marine x2  
  83  6:02  Supply Depot  
  85  6:04  SCV  
  85  6:10  Supply Depot  
  86  6:12  Liberator  
  86  6:13  Concussive Shells, Marauder  
  86  6:14  Liberator  
  86  6:17  SCV  
  86  6:18  Marauder  
  91  6:24  Missile Turret, Marine x2  
  91  6:25  Widow Mine x2  
  103  6:37  SCV x2  
  105  6:43  Armory  
  105  6:45  Engineering Bay  
  105  6:46  Marauder  
  107  6:48  Marauder  
  107  6:53  Marine  
  110  6:58  Marine, Widow Mine x2  
  110  7:00  SCV, Orbital Command  
  110  7:01  Liberator  
  116  7:07  SCV  
  117  7:12  Terran Infantry Armor Level 1, SCV, Marauder x2  
  117  7:15  Barracks  
  122  7:18  Liberator  
  125  7:34  Marine x2  
  112  7:37  SCV  
  112  7:40  Widow Mine x2  
  112  7:42  Marauder x2  
  112  7:43  Liberator  
  119  7:45  Refinery  
  119  7:46  SCV, Barracks  
  119  7:49  Terran Infantry Weapons Level 2  
  119  7:51  SCV  
  121  7:56  Supply Depot  
  121  7:57  Supply Depot  
  121  8:00  Supply Depot  
  121  8:01  Marine  
  121  8:04  Barracks Reactor  
  125  8:12  Marine  
  124  8:16  Marauder x2  
  98  8:34  Marine x3  
  88  8:37  Medivac  
  88  8:38  Marauder x2  
  97  8:41  SCV  
  97  8:42  Barracks  
  97  8:43  Medivac  
  97  8:44  Barracks  
  100  8:50  SCV  
  100  8:54  Barracks Tech Lab  
  100  8:55  Barracks  
  101  8:56  Command Center  
  101  8:57  Marine  
  101  8:58  Marine x3  
  101  8:59  Marauder x2, Widow Mine x2  
  113  9:04  SCV  
  114  9:10  Medivac  
  114  9:11  Terran Infantry Armor Level 2  
  114  9:12  SCV  
  114  9:13  Medivac  
  119  9:20  Marauder x2  
  119  9:22  Marauder  
  119  9:23  Marine x4  
  116  9:27  Supply Depot  
  116  9:28  Supply Depot  
  116  9:32  Barracks Reactor, Barracks Tech Lab  
  116  9:40  Missile Turret, Marine  
  116  9:42  Marine x2, Missile Turret, Marauder x2  
  116  9:43  Marine  
  116  9:44  Marauder, Viking, Marine  
  116  9:45  Viking  
  133  9:52  Marauder  
  133  10:03  Marauder x2  
  133  10:05  Marine x3, Marauder  
  133  10:06  Barracks Tech Lab, Marine  
  143  10:08  Terran Infantry Weapons Level 3  
  143  10:11  Planetary Fortress  
  143  10:14  Marauder  
  143  10:17  Viking  
  143  10:19  Viking  
  147  10:24  Refinery, Missile Turret  
  147  10:26  Refinery  
  145  10:45  Marauder x5  
  145  10:46  Marine x5  
  145  10:47  Viking  
  145  10:49  Viking  
  154  11:06  Marauder  
  154  11:08  Marauder x2  
  160  11:17  Viking  
  160  11:18  Marine x2, Marauder x2  
  160  11:19  Viking, Marine x3  
  160  11:28  Marauder  
  160  11:29  Terran Infantry Armor Level 3, Marauder  
  160  11:30  Terran Vehicle Weapons Level 1  
  160  11:31  Widow Mine  
  161  11:35  Marine  
  161  11:36  Marine x3, Marauder  
  161  11:37  Starport  
  161  11:39  SCV  
  168  11:40  Marauder  
  168  11:43  Marauder, Marine  
  170  11:49  Marauder  
  170  11:51  SCV  
  167  11:57  Widow Mine, Medivac x2  
  167  12:00  SCV x2  
  175  12:03  SCV  
  148  12:09  Marauder x4  
  148  12:13  Marauder  
  131  12:16  SCV  
  131  12:19  Marine  
  121  12:27  Marine  
  121  12:28  Marine x3  
  121  12:29  Widow Mine  
  122  12:30  Marauder x2, Widow Mine  
  122  12:31  Marauder x2  
  122  12:32  Medivac x2  
  122  12:35  Marauder  
  131  12:40  Marine x2  
  118  12:48  Marine x2  
  118  12:49  Marine x2  
  118  12:50  Liberator x2  
  113  12:52  Marauder x4  
  113  12:56  SCV, Marauder  
  113  12:58  Marine x2  
  114  13:03  Widow Mine x2  
  108  13:05  Marine  
  108  13:06  Marine x2  
  107  13:13  Marauder x3  
  107  13:16  Marauder, Marine x2  
  107  13:18  Marauder  
  115  13:33  Marine x2  
  114  13:35  Marauder x2  
  114  13:38  Marine  
  114  13:39  Marauder x2, Marine  
  114  13:40  Marauder, Orbital Command, Marine x2  
  109  13:51  Marine x2  
  107  13:55  Marine  
  107  13:56  Marine, Marauder  
  107  14:00  Marauder x2  
  107  14:01  Marauder  
  117  14:07  SCV x2  
  119  14:20  Marauder x2, Widow Mine x2, Marine x5  
  119  14:21  Medivac x2  
  134  14:27  Marauder  
  136  14:36  Marauder, Marine  
  139  14:41  Command Center  
  135  14:51  Marauder x2  
  134  14:56  Medivac x2  
  116  15:07  Marauder x2  
  116  15:08  Marauder, Marine x2  
  116  15:13  Marauder  
  118  15:17  Marine x2  
  118  15:18  Marauder, Marine  
  117  15:25  Marine  
  114  15:29  Marauder x3  
  114  15:33  Marine x2  
  114  15:34  Marauder  
  124  15:37  Marine  
  124  15:39  Marauder  
  124  15:40  Marine x2  
  128  15:50  Marauder x2  
  128  15:51  Marauder  
Tags
 
Add a new tag
Caveats
  • Supply blocks, unpowered buildings, or Contaminate may cause inaccurate times.
  • Supply counts are checked every 10 seconds.